AoeStats
← HR Pinkman

Nomad

509455084Analyzed
4v4 RM · 4d ago on Sep 26, 2026· 21m 24s· 8 players
Game mode
Random Map
Map size
231×231
Population
200
Speed
Normal
Resources
Standard
Victory
Conquest
Starting age
Dark Age
Ending age
Imperial Age
RankedLock teamsTeams togetherTeam positionsShared explorationLock speedFull tech treeHidden civsTurbo modeCheats
Victory
Defeat
🇨🇱 Dravidians · Chile
1882
+11
🇨🇱 Romans · Chile
1881
+11
1773
+15
🇨🇱 Sicilians · Chile
1699
+18
🇲🇽 Shu · Mexico
1900
-19
🇲🇽 Jurchens · Mexico
1866
-18
🇵🇦 Bulgarians · Panama
1623
-9
🇲🇽 Malay · Mexico
1621
-9
VX | Anubis
4:11 Loom
13:58 Feudal Age
17:41 Wheelbarrow
19:06 Castle Age
18:02 Double-Bit Axe
18:42 Town Watch
20:44 Bow Saw
Telo Bombeo
4:44 Loom
13:55 Feudal Age
14:45 Double-Bit Axe
21:07 Castle Age
19:36 Gold Mining
22:01 Medium Warships
22:04 Bow Saw
FierroFlash
5:44 Loom
13:23 Feudal Age
17:04 Castle Age
15:07 Double-Bit Axe
15:41 Gold Mining
15:37 Fishing Lines
15:54 Gold Mining
17:38 Wheelbarrow
17:30 Town Watch
20:23 Bow Saw
hK | FraKTal
12:01 Feudal Age
12:24 Loom
18:22 Wheelbarrow
22:46 Castle Age
20:59 Fletching
21:12 Gold Mining
21:23 Double-Bit Axe
HR Fast_PIG
12:31 Feudal Age
13:30 Town Watch
17:55 Castle Age
16:41 Fishing Lines
17:12 Double-Bit Axe
17:20 Gold Mining
18:53 Gillnets
19:02 Loom
HR Pinkman
5:02 Loom
11:59 Feudal Age
16:49 Castle Age
15:45 Double-Bit Axe
15:41 Horse Collar
16:12 Fletching
17:56 Bodkin Arrow
21:37 Bow Saw
RH Peruano hijo del PikoLein
4:30 Loom
10:55 Feudal Age
13:59 Double-Bit Axe
HR Whitecourt
13:11 Feudal Age
16:51 Castle Age
15:17 Double-Bit Axe
16:58 Demolition Ship
17:56 Bow Saw
18:12 Medium Warships
19:37 Fishing Lines
19:56 Horse Collar
21:14 Loom
21:48 Town Watch
Connection lost

Rejoining the realm…

Still unreachable

The connection could not be restored.

Session expired

The server has moved on; the page needs a fresh start.